 Dungeon Crawl Stone Soup version 0.31.0-1-g2c135a008e (webtiles) character file.

Game seed: 18350834398118092153

266 qw the Shooter (level 6, -2/41 HPs)
             Began as a Djinni Hunter on Jan 23, 2024.
             Slain by Duvessa
             ... wielding a +0 short sword of holy wrath
              (4 damage)
             ... on level 4 of the Dungeon.
             The game lasted 00:00:08 (2251 turns).

qw the Shooter (Djinni Hunter)                      Turns: 2251, Time: 00:00:08

Health: -2/41      AC:  3    Str:  7    XL:     6   Next: 44%
Gold:   182        EV: 12    Int: 15    God:
                   SH:  0    Dex: 17

rFire   + + .        a - +0 shortbow
rCold   x . .        (shield currently unavailable)
rNeg    . . .        c - +0 leather armour
rPois   inf          (no helmet)
rElec   .            (no cloak)
rCorr   .            (no gloves)
SInv    .            (boots unavailable)
Will    .....        (no amulet)
Stlth   ++           g - +4 ring of slaying {mikee}
HPRegen 0.26/turn    (no ring)
MPRegen 0.00/turn

%: infuse magic (-3 HP)
@: flying
A: sickness immunity, fire resistance 2, cold vulnerability 1, float, innate
caster, HP casting, extra vitality 1, claws 1, clever 1, frail 1, weak 1
a: no special abilities


You were on level 4 of the Dungeon.
You visited 1 branch of the dungeon, and saw 4 of its levels.

You collected 182 gold pieces.


Innate Abilities, Weirdness & Mutations

You are immune to sickness and miasma.
You are immune to poison.
Your flesh is very heat resistant. (rF++)
You are vulnerable to cold. (rC-)
You float through the air rather than walking.
You learn spells naturally, not from books.
Your magical power is your life essence.
You have superior vitality. (+4 MHP)
You have sharp fingernails.
Your mind is acute. (Int +4, Str/Dex -1)
You are frail. (-10% HP)
You are weak. (Str -2)


   Skills:
 + Level 3.4 Fighting
 - Level 5.2 Ranged Weapons
 - Level 3.1 Dodging
 - Level 0.7 Stealth


You knew the following spells:

 Your Spells              Type           Power      Damage    Failure   Level
a - Summon Small Mammal   Summ           0%         N/A       38%         1
b - Static Discharge      Conj/Air       0%         3-3/arc   52%         2
Your spell library was empty.

Inventory:

Hand Weapons
 a - a +0 shortbow (weapon)
Armour
 c - a +0 leather armour (worn)
Jewellery
 g - a +4 ring of slaying (left claw) {mikee}
Potions
 d - a potion of invisibility {unknown}
 e - a potion of enlightenment {unknown}
 f - 2 potions of curing
 h - a potion of haste
 i - a potion of ambrosia {unknown}
 j - a potion of attraction {unknown}
 m - a potion of magic {unknown}
 p - a potion of heal wounds {unknown}

Dungeon Overview and Level Annotations

Branches:
Dungeon (4/15)             Temple (0/1) D:4

Altars:
Makhleb

Portals:
Sewer: D:4

Annotations:
D:4 Duvessa


Message History

Duvessa says, "Where magic fails, the sword succeeds!"
You shoot an arrow.
The arrow hits Duvessa but does no damage.
Duvessa is lightly wounded.
You shoot an arrow.
The arrow hits Duvessa but does no damage.
Duvessa is lightly wounded.
You shoot an arrow. The arrow completely misses Duvessa.
You shoot an arrow. The arrow hits Duvessa.
Duvessa is moderately wounded.
You shoot an arrow. The arrow closely misses Duvessa.
Duvessa hits you with a +0 short sword of holy wrath.
You shoot an arrow. The arrow barely misses Duvessa.
Duvessa misses you.
You shoot an arrow. The arrow hits Duvessa.
Duvessa is moderately wounded.
Duvessa hits you with a +0 short sword of holy wrath!
You shoot an arrow. The arrow closely misses Duvessa.
Duvessa misses you.
You shoot an arrow. The arrow hits Duvessa.
Duvessa is heavily wounded.
Duvessa completely misses you. Duvessa barely misses you.
You shoot an arrow. The arrow completely misses Duvessa.
Duvessa hits you with a +0 short sword of holy wrath.
You shoot an arrow. The arrow hits Duvessa.
Duvessa is heavily wounded.
Duvessa misses you.
You shoot an arrow. The arrow barely misses Duvessa.
Duvessa hits you with a +0 short sword of holy wrath!
You shoot an arrow. The arrow hits Duvessa.
Duvessa is severely wounded.
Duvessa completely misses you.
You shoot an arrow. The arrow hits Duvessa.
Duvessa is severely wounded.
Duvessa hits you with a +0 short sword of holy wrath!
You shoot an arrow. The arrow hits Duvessa.
Duvessa is almost dead.
Duvessa hits you with a +0 short sword of holy wrath!
Duvessa hits you with a +0 short sword of holy wrath.
You die...

#. ##........##
#..##
#####.......##
#....##..........##
........#+#.....##
. ..###...#
#.....## ~~~ ###.#
#.#....# ~~~~# #..#
#......##
~~~~..###.##
##......##
\~~~...@..#
#.......##
~~~~~.e##.#
#......... ~~~~#..
#.# #.........
~~~.... #.#
#.......#. . #...#
#.. #......##..
..... ##.
#.......... .###..
.# #.####....< ...
.# #. ##...# ##..#


You could see Duvessa.

Vanquished Creatures
  A phantom (D:4)
  An iguana (D:3)
  A sleepcap (D:4)
  4 gnolls (D:2)
  4 adders
  2 ribbon worms
  An orc (D:3)
  5 endoplasms
  A giant cockroach (D:2)
  A goblin (D:1)
  10 hobgoblins
  4 jackals (D:1)
  2 quokkas
  6 ball pythons
  2 bats
  4 frilled lizards
  6 kobolds
  8 rats
63 creatures vanquished.

Notes
Turn   | Place    | Note
-------+----------+-------------------------------------------
     0 | D:1      | qw the Djinni Hunter began the quest for the Orb.
     0 | D:1      | Reached XP level 1. HP: 18/18 MP: 0/0
     0 | D:1      | 0 ||| qw: Version: 0.3-a-135-gb77e89d
     0 | D:1      | 0 ||| qw: Game counter: 806
     0 | D:1      | 0 ||| qw: Melee chars always use a shield: true
     0 | D:1      | 0 ||| qw: God list: Okawaru
     0 | D:1      | 0 ||| qw: Allow faded altars: false
     0 | D:1      | 0 ||| qw: Do Orc after clearing Dungeon:15 true
     0 | D:1      | 0 ||| qw: Do second Lair branch before Depths: true
     0 | D:1      | 0 ||| qw: Lair rune preference: random
     0 | D:1      | 0 ||| qw: Goals: Normal
     0 | D:1      | 0 ||| PLANNING D:1-11
    78 | D:1      | Reached XP level 2. HP: 21/23 MP: 0/0
   265 | D:1      | Found a faded altar of an unknown god.
   532 | D:1      | Reached skill level 4 in Ranged Weapons
   532 | D:1      | Reached XP level 3. HP: 28/28 MP: 0/0
   532 | D:1      | Learned a level 1 spell: Summon Small Mammal
   697 | D:1      | 697 ||| UPGRADING to +4 ring of slaying {mikee}.
   698 | D:1      | 698 ||| DRINKING 3 viscous puce potions.
   699 | D:1      | 699 ||| DRINKING 2 grey potions.
   700 | D:1      | 700 ||| DROPPING scroll of butterflies.
   799 | D:2      | Reached XP level 4. HP: 34/34 MP: 0/0
   846 | D:2      | Reached skill level 3 in Fighting
   923 | D:2      | Reached skill level 3 in Dodging
  1079 | D:2      | Reached XP level 5. HP: 40/40 MP: 0/0
  1079 | D:2      | Learned a level 2 spell: Static Discharge
  1207 | D:2      | 1207 ||| DROPPING +6 ring of intelligence.
  1208 | D:2      | 1208 ||| READING scroll labelled HAORHAU ZOTOACILLI.
  1209 | D:2      | 1209 ||| DRINKING 4 lumpy orange potions.
  1209 | D:2      | Gained mutation: You are partially covered in iridescent
                  | scales. (AC +2) [potion of mutation]
  1209 | D:2      | Gained mutation: You expend health (3 HP) to strengthen
                  | your wands. [potion of mutation]
  1210 | D:2      | 1210 ||| DRINKING 3 potions of mutation.
  1210 | D:2      | Lost mutation: You expend health (3 HP) to strengthen your
                  | wands. [potion of mutation]
  1210 | D:2      | Lost mutation: You are partially covered in iridescent
                  | scales. (AC +2) [potion of mutation]
  1210 | D:2      | Gained mutation: You do not regenerate when monsters are
                  | visible. [potion of mutation]
  1210 | D:2      | Gained mutation: You are partially covered in large bone
                  | plates. (SH +4) [potion of mutation]
  1211 | D:2      | 1211 ||| DRINKING 2 potions of mutation.
  1211 | D:2      | Lost mutation: You do not regenerate when monsters are
                  | visible. [potion of mutation]
  1211 | D:2      | Lost mutation: You are partially covered in large bone
                  | plates. (SH +4) [potion of mutation]
  1211 | D:2      | Gained mutation: You are dopey. (Int -2) [potion of
                  | mutation]
  1211 | D:2      | Gained mutation: You are very vulnerable to cold. (rC--)
                  | [potion of mutation]
  1212 | D:2      | 1212 ||| DRINKING potion of mutation.
  1212 | D:2      | Lost mutation: You are very vulnerable to cold. (rC--)
                  | [potion of mutation]
  1212 | D:2      | Lost mutation: You are dopey. (Int -2) [potion of mutation]
  1212 | D:2      | Gained mutation: You are frail. (-10% HP) [potion of
                  | mutation]
  1212 | D:2      | Gained mutation: You are weak. (Str -2) [potion of
                  | mutation]
  1212 | D:2      | Gained mutation: You have sharp fingernails. [potion of
                  | mutation]
  1212 | D:2      | Gained mutation: Your mind is acute. (Int +4, Str/Dex -1)
                  | [potion of mutation]
  1250 | D:3      | Found a burning altar of Makhleb.
  1694 | D:3      | 1694 ||| FLEEEEING.
  1695 | D:3      | 1695 ||| FLEEEEING.
  1707 | D:3      | 1707 ||| FLEEEEING.
  1710 | D:3      | 1710 ||| FLEEEEING.
  1758 | D:3      | 1758 ||| FLEEEEING.
  1759 | D:3      | 1759 ||| FLEEEEING.
  1842 | D:3      | 1842 ||| DROPPING ring of wizardry.
  1843 | D:3      | 1843 ||| READING scroll labelled DUNOOCZU YPSO.
  1844 | D:3      | 1844 ||| READING scroll labelled BAONAVIADO.
  1945 | D:3      | 1945 ||| READING scroll labelled VOUNKE IT OGHA.
  1946 | D:3      | 1946 ||| READING scroll labelled ZOUMPU OLEMPAPP.
  1947 | D:3      | 1947 ||| DRINKING 2 smoky silvery potions.
  1948 | D:3      | 1948 ||| DROPPING potion of brilliance.
  1986 | D:4      | 1986 ||| PLANNING SEWER
  1990 | D:4      | Noticed a phantom
  2000 | D:4      | Killed a phantom
  2001 | D:4      | Reached skill level 5 in Ranged Weapons
  2001 | D:4      | Reached XP level 6. HP: 30/41 MP: 0/0
  2194 | D:4      | Found a staircase to the Ecumenical Temple.
  2235 | D:4      | Found a glowing drain.
  2235 | D:4      | Noticed Duvessa
  2251 | D:4      | HP: 2/41 [Duvessa/+0 short sword of holy wrath (11)]
  2251 | D:4      | Slain by Duvessa

Levels and vault maps discovered:
D:1:      pf_arrival_petrified_forest, layout_basic,
          shapermc_ecumenical_altar_venn
D:2:      layout_basic, serial_bayou_pond_a
D:3:      layout_rooms, lightli_temple_of_fire
D:4:      layout_layer_cave, mainiacjoe_overflow_brackets,
          mainiacjoe_overflow_surrounded_room, minmay_temple_entry_junction,
          cheibrodos_sewer_entry_drain, uniq_duvessa

Skill      XL: |  1  2  3  4  5 |
---------------+----------------+-----
Ranged Weapons | 4 5 |  5.2
Fighting       | 3 |  3.4
Dodging        | 3 |  3.1
Stealth        | |  0.7

Action                     |  1- 3 |  4- 6 || total
---------------------------+-------+-------++-------
   Fire: Shortbow          |    67 |   114 ||   181
    Use: Potion            |     2 |     5 ||     7
         Scroll            |       |     5 ||     5
 Armour: Leather armour    |    10 |    23 ||    33
  Dodge: Dodged            |    17 |    26 ||    43

Table legend:
 A = Non-vault XP
 B = Vault XP
 C = Vault XP percentage of total XP
 D = Non-vault monster count
 E = Vault monster count
 F = Vault count percentage of total count
                 A         B        C        D         E       F
            +---------+---------+-------+---------+---------+-------
      Total |     375 |       5 |   1.3 |      62 |       1 |   1.6
            +---------+---------+-------+---------+---------+-------
        D:1 |      34 |       0 |   0.0 |      22 |       0 |   0.0
        D:2 |     118 |       0 |   0.0 |      20 |       0 |   0.0
        D:3 |      69 |       0 |   0.0 |      13 |       0 |   0.0
        D:4 |     154 |       5 |   3.1 |       7 |       1 |  12.5
            +---------+---------+-------+---------+---------+-------
